 Dungeon Crawl Stone Soup version 0.20.1-1-g8b1a95d (webtiles) character file.

18 pstr the Conjurer (level 2, 0/15 HPs)
             Began as a Kobold Conjurer on Nov 15, 2017.
             Succumbed to an adder's poison
             ... on level 1 of the Dungeon.
             The game lasted 00:02:11 (1179 turns).

pstr the Conjurer (Kobold Conjurer)                 Turns: 1179, Time: 00:02:12

Health: 0/15       AC:  2    Str:  5    XL:     2   Next: 90%
Magic:  2/5        EV: 15    Int: 16    God:
Gold:   42         SH:  0    Dex: 15    Spells: 2/5 levels left

rFire    . . .     SeeInvis .   (weapon restricted)
rCold    . . .     Gourm    .   (shield restricted)
rNeg     . . .     Faith    .   a - +0 robe
rPois    .         Spirit   .   (no helmet)
rElec    .         Reflect  .   (no cloak)
rCorr    .         Harm     .   (no gloves)
MR       .....                  (no boots)
Stlth    ++........             (no amulet)
Regen    0.1/turn               (no ring)
MPRegen  0.1/turn               (no ring)

@: lethally poisoned (0 -> -7)
A: carnivore 3
a: no special abilities


You were on level 1 of the Dungeon.
You were full.

You visited 1 branch of the dungeon, and saw 2 of its levels.

You collected 42 gold pieces.

Inventory:

Missiles
 j - 24 stones (quivered)
Armour
 a - a +0 robe (worn)
 g - a +0 leather armour
Scrolls
 d - a scroll of remove curse {unknown}
 e - a scroll of blinking {unknown}
 k - a scroll of magic mapping {unknown}
 n - a scroll of identify {unknown}
 o - a scroll of fog {unknown}
Potions
 f - a potion of might {unknown}
 i - 2 potions of curing
 l - a potion of brilliance {unknown}
 m - a potion of heal wounds {unknown}
Books
 b - a book of Conjurations

   Spells                             Type                      Level
   a - Magic Dart                     Conjuration                  1
   b - Searing Ray                    Conjuration                  2
   c - Dazzling Spray                 Conjuration/Hexes            3
   d - Fulminant Prism                Conjuration/Hexes            4
   e - Force Lance                    Conjuration/Translocation    4
   f - Iskenderun's Mystic Blast      Conjuration                  4
Comestibles
 c - a meat ration
 h - a royal jelly


   Skills:
 + Level 2.6 Dodging
 + Level 2.8 Stealth
 + Level 2.3 Spellcasting
 + Level 4.5 Conjurations


You had 2 spell levels left.
You knew the following spells:

 Your Spells              Type           Power        Failure   Level  Hunger
a - Magic Dart            Conj           ###.         3%          1    #......
b - Searing Ray           Conj           ###...       4%          2    ###....


Dungeon Overview and Level Annotations

Branches:
Dungeon (2/15)

Altars:


Innate Abilities, Weirdness & Mutations

You are small and have problems with some larger weapons.
You are carnivorous and can eat meat at any time.


Message History

You see here a mace.
The adder closely misses you.
You see here a scroll labeled VOUDIR ANEOTYWN.
o - a scroll labeled VOUDIR ANEOTYWN The kobold barely misses you.
The adder barely misses you. The adder bites you.
You are poisoned.
The adder poisons you!
You feel sick.
You feel sick. The adder barely misses you.
There is a stone staircase leading up here.
The kobold hits you with a club. The adder bites you. The adder misses you.
You climb upwards.
There is a stone staircase leading down here.
You feel sick. The adder bites you.
* * * LOW HITPOINT WARNING * * *
You are more poisoned.
The adder poisons you! The kobold barely misses you.
The adder completely misses you. The adder closely misses you. x2
You die...

###.######.#.####.# ###... #.#
##.##.##.# #... #.# ######.#.#.#
#... ##.## #.....###..# #####...
##.#.###.....####.#######.......
##.###.##.......##..#............
#.## ##.#.)...#.##S...####.......
##.###.##.....#.#.SK....######...
##.#..#######..@.##..#.# #.).
##.#.# ##.......#.# #... ###.#
###....##.######...
####.##########.####.......##.#
#...............##......##.#.#.
#.##.##..#...#........#.##..###
#.##.##....#.#..##.#.......## #
#.##............##.#....##..###
#.#####...####(###.........#.#.


You could see 2 adders and a kobold.

Vanquished Creatures
  A dart slug (D:1)
  3 giant cockroaches
  2 goblins (D:1)
  A hobgoblin (D:1)
  2 kobolds (D:1)
  2 bats (D:1)
  A frilled lizard (D:2)
  3 rats (D:1)
15 creatures vanquished.

Notes
Turn   | Place    | Note
-------+----------+-------------------------------------------
     0 | D:1      | pstr the Kobold Conjurer began the quest for the Orb.
     0 | D:1      | Reached XP level 1. HP: 10/10 MP: 3/3
   223 | D:1      | Reached XP level 2. HP: 8/15 MP: 0/5
   227 | D:1      | Learned a level 2 spell: Searing Ray
  1179 | D:1      | Succumbed to an adder's poison

Action                   || total
-------------------------++-------
Melee: Unarmed           ||    27
 Cast: Magic Dart        ||    16
       Searing Ray       ||     8
  Use: Potion            ||     1
  Eat: Chunk             ||     7
Armor: Robe              ||     2
Dodge: Dodged            ||    38
